 Dungeon Crawl Stone Soup version 0.27.0-1-g7a089689b8 (webtiles) character file.

Game seed: 9661046895748284464

8543 gimp the Destroyer (level 11, -27/81 HPs)
             Began as a Naga Fire Elementalist on Aug 4, 2021.
             Was a High Priest of Fedhas.
             Annihilated by an orc knight (44 damage)
             ... in a bailey.
             The game lasted 00:42:33 (14109 turns).

gimp the Destroyer (Naga Fire Elementalist)        Turns: 14109, Time: 00:42:33

Health: -27/81     AC: 11    Str: 10    XL:     11   Next: 32%
Magic:  3/23       EV: 14    Int: 19    God:    Fedhas [*****.]
Gold:   746        SH:  0    Dex: 12    Spells: 11/27 levels left

rFire    . . .     SeeInvis +   a - +4 trident (protect)
rCold    . . .     Faith    .   (no shield)
rNeg     . . .     Spirit   .   F - +2 robe {Will+}
rPois    +         Reflect  .   J - +1 helmet
rElec    .         Harm     .   b - +0 cloak
rCorr    .         Rampage  .   G - +1 pair of gloves
Will     +++..                  (no barding)
Stlth    ++........             p - amulet of magic regeneration
HPRegen  0.23/turn              r - ring of willpower
MPRegen  0.43/turn              D - +4 ring of evasion

@: very slow
A: AC +3, large, see invisible, deformed body, poison resistance, slowness 2,
spit poison 1, naga tail 1
a: Spit Poison, Renounce Religion, Wall of Briars, Grow Ballistomycete,
Overgrow, Grow Oklob


You were in a bailey.
You worshipped Fedhas.
Fedhas was extremely pleased with you.
You visited 2 branches of the dungeon, and saw 12 of its levels.
You also visited: Bailey.

You collected 776 gold pieces.
You spent 30 gold pieces at shops.

Inventory:

Hand Weapons
 a - a +4 trident of protection (weapon)
Missiles
 m - a curare-tipped dart
 o - 61 poisoned darts
 s - 3 javelins
Armour
 b - a +0 cloak (worn)
 g - the +1 robe of Tulips {Rampage Fly rF+ SInv}
   (You found it on level 9 of the Dungeon)

   rF:        It protects you from fire.
   SInv:      It lets you see invisible.
   Fly:       It grants you flight.
   Rampage:   It bestows one free step when moving towards enemies.
 k - the +0 scale mail "Vainesm" {Will++ Int+6}
   (You found it on level 9 of the Dungeon)

   Int:       It affects your intelligence (+6).
   Will:      It greatly increases your willpower.
 F - a +2 robe of willpower (worn)
 G - a +1 pair of gloves (worn)
 I - a +0 kite shield
 J - a +1 helmet (worn)
Jewellery
 p - an amulet of magic regeneration (around neck)
 r - a ring of willpower (left hand)
 w - a ring of flight
 D - a +4 ring of evasion (right hand)
 M - a +4 ring of slaying
Wands
 e - a wand of acid (6)
 C - a wand of paralysis (7)
 K - a wand of flame (24)
 N - a wand of digging (6)
 P - a wand of iceblast (15)
Scrolls
 f - 2 scrolls of teleportation
 j - a scroll of fog
 q - 4 scrolls of enchant weapon
 y - a scroll of magic mapping
 E - a scroll of summoning
 H - a scroll of enchant armour
Potions
 c - 2 potions of degeneration
 d - a potion of invisibility {unknown}
 h - 2 potions of curing
 l - 3 potions of lignification {unknown}
 n - 2 potions of haste
 t - 3 potions of cancellation {unknown}
 u - a potion of magic
 v - a potion of experience {unknown}
 x - 2 potions of brilliance {unknown}
 z - 3 potions of resistance
 A - 2 potions of berserk rage
 B - 2 potions of ambrosia
 L - a potion of flight
 O - a potion of heal wounds
 Q - a potion of might {unknown}
Miscellaneous
 i - a tin of tremorstones (inert)


   Skills:
 - Level 6.3 Polearms
 - Level 1.5 Dodging
 - Level 3.0 Stealth
 + Level 8.7 Spellcasting
 + Level 9.6 Conjurations
 - Level 2.0 Transmutations
 + Level 7.9 Fire Magic
 - Level 4.0 Poison Magic
 + Level 3.8 Invocations


You had 11 spell levels left.
You knew the following spells:

 Your Spells              Type           Power      Damage    Failure   Level
a - Foxfire               Conj/Fire      100%       2x1d9     1%          1
b - Sticky Flame          Conj/Fire      41%        2d6       2%          4
c - Fireball              Conj/Fire      20%        3d10      6%          5
d - Conjure Flame         Conj/Fire      41%        6-21      1%          3
e - Spider Form           Tmut/Pois      9%         N/A       8%          3

Your spell library contained the following spells:

 Spells                   Type           Power      Damage    Failure   Level
 Beastly Appendage        Tmut           30%        N/A       3%          1
 Inner Flame              Hex/Fire       23%        N/A       4%          3
 Wereblood                Tmut           15%        N/A       5%          2
 Animate Skeleton         Necr           16%        N/A       9%          1
 Pain                     Necr           32%        1d5       9%          1
 Vampiric Draining        Necr           4%         2d6       26%         3


Dungeon Overview and Level Annotations

Branches:
Dungeon (11/15)            Temple (1/1) D:7            Lair (0/6) D:10
    Orc (0/2) D:9          Bailey (1/1)

Altars:
Ashenzari
Cheibriados
Dithmenos
Elyvilon
Fedhas
Gozag
Hepliaklqana
Kikubaaqudgha
Makhleb
Nemelex Xobeh
Okawaru
Qazlal
Ru
Sif Muna
Trog
Uskayaw
Vehumet
Wu Jian
Xom
Yredelemnul
Zin
The Shining One

Shops:
D:1 *   D:5 *   D:9 ([

Annotations:
D:6 2 transporters, Hypnoxylon's ghost, novice DsVM
D:8 exclusion: catoblepas
D:9 3 runed translucent doors, MeatGrinder's ghost, novice HuBe


Innate Abilities, Weirdness & Mutations

Your serpentine skin is tough. (AC +3)
You have supernaturally acute eyesight. (SInv)
Armour fits poorly on your strangely shaped body.
Your system is resistant to poisons. (rPois)
You cover ground very slowly.
You can spit poison.
You have a snake-like lower body.


Message History

An orc knight comes into view. It is wielding a +0 halberd.
Aiming: Corrosive Bolt
Press: ? - help, Shift-Dir - straight line The bolt of acid hits the orc knight!
The orc knight is splashed with acid!
The orc knight is almost dead.
The bolt of acid hits the orc knight!
The orc knight is splashed with acid!
The acid corrodes the orc knight!
The orc knight is heavily wounded.
The orc knight roars a battlecry!
The orc knight goes into a battle-frenzy!
Aiming: Corrosive Bolt
Press: ? - help, Shift-Dir - straight line The bolt of acid misses the orc knight.
The bolt of acid hits the orc knight.
The orc knight is splashed with acid.
The orc knight is severely wounded.
The orc knight hits you from afar with a +0 glaive!!
An orc knight comes into view. It is wielding a +0 halberd.
The orc knight hits you from afar with a +0 halberd!!
The orc knight shouts!
Your magical contamination has completely faded away.
You take 55 damage, and have 26/81 hp.
MASSIVE DAMAGE!!
Unknown command.
Okay, then.
Okay, then.
You feel much better. The orc knight closely misses you.
The orc knight barely misses you.
You regained 22 hp, and now have 48/81 hp.
Aiming: Iceblast
Press: ? - help, Shift-Dir - straight line The mass of ice explodes!
The iceblast engulfs the orc knight!
The orc knight is almost dead.
The iceblast engulfs the orc knight!
The orc knight is almost dead.
You hear a shout!
The orc knight hits you from afar with a +0 glaive!!
* * * LOW HITPOINT WARNING * * *
The orc knight hits you from afar with a +0 halberd!!!
Ouch! That really hurt!
You die...
Fedhas appreciates your contribution to the ecosystem.

#.......#
#.......#
##.....##
##'''##
#.....#
#.....#
#.....#
#.....#
#..@..#
##'''##
#.oo).#
#..)o...#
#.......#
#..)o)..#
#.......#
#.......#


You could see 4 orc knights.

Vanquished Creatures
  A centaur warrior (D:9)
  A komodo dragon (D:10)
  2 hornets
  A wyvern (D:7)
  A steam dragon (D:8)
  14 yaks
  A basilisk (D:10)
  5 water moccasins
  Duvessa (D:5)
  13 orc warriors
  A necrophage (D:8)
  3 black bears
  A hornet zombie (D:6)
  3 centaurs
  4 kobold brigands
  A phantom (D:4)
  Blork the orc (D:5)
  A gnoll sergeant (D:5)
  A wyvern zombie (D:8)
  2 scorpions
  Dowan (D:5)
  4 killer bees (D:8)
  8 wights (D:7)
  4 howler monkeys
  2 bullfrog zombies (D:5)
  A centaur zombie (D:6)
  2 jellies
  2 hounds
  2 orc priests
  A centaur skeleton (D:4)
  5 iguanas
  8 orc wizards
  A hound skeleton (D:5)
  A howler monkey zombie (D:5)
  8 gnolls
  5 adders
  An ufetubus (D:5)
  3 worms (D:2)
  5 dart slugs
  54 orcs
  2 ball pythons
  11 endoplasms
  7 goblins
  7 hobgoblins
  12 jackals
  22 kobolds
  5 quokkas
  10 bats
  6 frilled lizards
  8 rats
266 creatures vanquished.

Vanquished Creatures (others)
  730 foxfires
  5 plants (D:10)
735 creatures vanquished.

Grand Total: 1001 creatures vanquished

Notes
Turn   | Place    | Note
-------+----------+-------------------------------------------
     0 | D:1      | gimp the Naga Fire Elementalist began the quest for the
                  | Orb.
     0 | D:1      | Reached XP level 1. HP: 15/15 MP: 3/3
    17 | D:1      | Found Ebenus's General Store.
   113 | D:1      | Reached XP level 2. HP: 22/22 MP: 3/5
   292 | D:1      | Bought a potion of curing for 30 gold pieces
   502 | D:1      | Reached skill level 2 in Conjurations
   705 | D:2      | Reached XP level 3. HP: 28/28 MP: 3/6
  1157 | D:2      | Found a faded altar of an unknown god.
  1185 | D:2      | Became a worshipper of Fedhas Madash
  1185 | D:2      | Reached * piety under Fedhas
  1199 | D:2      | Reached XP level 4. HP: 36/36 MP: 7/7
  1617 | D:2      | Learned a level 4 spell: Sticky Flame
  1667 | D:2      | Reached ** piety under Fedhas
  1745 | D:2      | Reached skill level 3 in Conjurations
  2244 | D:3      | Reached XP level 5. HP: 33/42 MP: 0/9
  2476 | D:3      | Found a broken altar of Ashenzari.
  3410 | D:3      | Learned a level 5 spell: Fireball
  3477 | D:4      | Reached skill level 4 in Conjurations
  3607 | D:4      | Reached XP level 6. HP: 48/49 MP: 6/10
  3765 | D:4      | Identified the +1 pair of boots of Sunlight {Str+4}
  3780 | D:4      | Noticed a black bear
  3787 | D:4      | Killed a black bear
  4283 | D:4      | Reached skill level 5 in Conjurations
  4283 | D:4      | Reached XP level 7. HP: 55/55 MP: 7/12
  4361 | D:5      | Entered Level 5 of the Dungeon
  4401 | D:5      | Noticed Blork the orc
  4415 | D:5      | Killed Blork the orc
  4415 | D:5      | Reached *** piety under Fedhas
  4724 | D:5      | Reached skill level 5 in Fire Magic
  4955 | D:5      | Found Otynoe Timicw's Lightly-Used Armoury.
  5028 | D:5      | Reached skill level 6 in Conjurations
  5028 | D:5      | Reached XP level 8. HP: 40/62 MP: 3/14
  5385 | D:5      | Noticed Duvessa
  5385 | D:5      | Noticed Dowan
  5400 | D:5      | Killed Dowan
  5400 | D:5      | Killed Duvessa
  5704 | D:5      | Reached skill level 7 in Conjurations
  6051 | D:5      | Reached skill level 5 in Spellcasting
  6199 | D:5      | Learned a level 3 spell: Conjure Flame
  6244 | D:6      | Found a transporter.
  6630 | D:6      | Noticed Hypnoxylon's ghost (novice DsVM)
  6631 | D:6      | Noticed a troll
  6798 | D:6      | Reached XP level 9. HP: 51/68 MP: 11/17
  7094 | D:6      | Found a transporter.
  7394 | D:7      | Reached skill level 1 in Polearms
  7394 | D:7      | Reached skill level 8 in Conjurations
  7453 | D:7      | Reached **** piety under Fedhas
  7456 | D:7      | HP: 1/64 [wight (5)]
  8631 | D:7      | Found a staircase to the Ecumenical Temple.
  8645 | Temple   | Entered the Ecumenical Temple
  8803 | D:7      | Learned a level 3 spell: Spider Form
  9154 | D:8      | Noticed a hornet
  9158 | D:8      | Killed a hornet
  9159 | D:8      | Reached skill level 9 in Conjurations
  9339 | D:8      | Noticed a catoblepas
  9423 | D:8      | Reached skill level 1 in Transmutations
  9423 | D:8      | Reached skill level 1 in Poison Magic
  9600 | D:8      | Reached XP level 10. HP: 75/75 MP: 15/19
 10251 | D:8      | Found a blossoming altar of Fedhas.
 10402 | D:8      | Found a shimmering blue altar of Sif Muna.
 10655 | D:9      | Noticed a centaur warrior
 10698 | D:8      | HP: 2/75 [cloud of flame (19)]
 11058 | D:8      | Reached ***** piety under Fedhas
 11059 | D:8      | Reached skill level 5 in Polearms
 11273 | D:9      | Identified the +1 robe of Tulips {Rampage Fly rF+ SInv}
 11358 | D:9      | Found Ding's Weapon Shoppe.
 11358 | D:9      | Found a staircase to the Orcish Mines.
 11358 | D:9      | Found Ytzetaff's Armour Shoppe.
 11582 | D:9      | Killed a centaur warrior
 12222 | D:9      | Found a runed translucent gate.
 12222 | D:9      | Found a runed translucent gate.
 12222 | D:9      | Found a runed translucent gate.
 12222 | D:9      | Noticed MeatGrinder's ghost (novice HuBe)
 12256 | D:9      | Reached skill level 1 in Invocations
 12474 | D:9      | Identified the +0 scale mail "Vainesm" {Will++ Int+6}
 12522 | D:10     | Entered Level 10 of the Dungeon
 12688 | D:10     | Found a white marble altar of Elyvilon.
 12756 | D:10     | Reached XP level 11. HP: 80/81 MP: 18/23
 12847 | D:10     | Found a stormy altar of Qazlal.
 12858 | D:10     | Found a glowing silver altar of Zin.
 13447 | D:10     | Found a burning altar of Makhleb.
 13508 | D:10     | Found a staircase to the Lair.
 13902 | D:11     | Found a flagged portal.
 13916 | Bailey   | Entered a bailey
 14098 | Bailey   | Noticed an orc knight
 14100 | Bailey   | Noticed an orc knight
 14105 | Bailey   | Noticed an orc knight
 14107 | Bailey   | Noticed an orc knight
 14109 | Bailey   | Annihilated by an orc knight

Illustrated notes

Levels and vault maps discovered:
D:1:      nicolae_arrival_washed_ashore, layout_rooms, serial_shops, shop,
          nrook_campfire
D:2:      kennysheep_six_static_rooms, layout_loops_ring,
          hellmonk_ecumenical_altar_leap_of_faith, minmay_joined_circles
D:3:      layout_basic, mainiacjoe_overflow_six_doors_small
D:4:      layout_rooms
D:5:      layout_basic, minmay_misc_feat_secret_circle, minmay_shop_damaged,
          uniq_blork_the_orc, uniq_duvessa
D:6:      layout_basic, gammafunk_ghost_arena, chequers_mini_garden
D:7:      layout_basic, minmay_temple_entry_poolview
D:8:      layout_cave_pods, mainiacjoe_overflow_two_lobes
D:9:      layout_big_octagon, orc_david_3, gammafunk_ghost_spectres
D:10:     layout_cave_pools, kennysheep_little_box,
          mainiacjoe_overflow_alcove_2, mainiacjoe_overflow_boulevard,
          mainiacjoe_overflow_tiny_flanked, david_lair_shrubbed, glass_columns_b
D:11:     layout_irregular_city, enter_bailey_6, chequers_serial_rivers_micro_b,
          uniq_sonja
Temple:   regret_index_temple_waves
Bailey:   bailey_polearm_5, bailey

Skill      XL: |  1  2  3  4  5  6  7  8  9 10 11 |
---------------+----------------------------------+-----
Conjurations   | 2 3 4 5 6 7 9 |  9.6
Spellcasting   | 3 4 5 6 8 |  8.7
Fire Magic     | 4 5 6 7 |  7.9
Polearms       | 4 6 |  6.3
Transmutations | 1 2 |  2.0
Poison Magic   | 2 4 |  4.0
Invocations    | 2 3 |  3.8
Dodging        | |  1.5
Stealth        | |  3.0

Action                   |  1- 3 |  4- 6 |  7- 9 | 10-12 || total
-------------------------+-------+-------+-------+-------++-------
Melee: Dagger            |     5 |    35 |    13 |       ||    53
       Trident           |       |       |    56 |    85 ||   141
       Unarmed           |       |       |       |    24 ||    24
 Cast: Foxfire           |    32 |   125 |   171 |    97 ||   425
       Sticky Flame      |       |       |    20 |    22 ||    42
       Conjure Flame     |       |       |     9 |     5 ||    14
       Fireball          |       |       |     2 |    18 ||    20
       Spider Form       |       |       |       |     5 ||     5
Invok: Wall of Briars    |       |       |     1 |       ||     1
 Abil: Spit Poison       |    18 |    29 |    18 |    16 ||    81
       End Transformatio |       |       |       |     1 ||     1
Evoke: Wand              |       |       |       |     8 ||     8
       Tin of tremorston |       |       |       |     2 ||     2
  Use: Potion            |       |       |     7 |     5 ||    12
       Scroll            |       |       |     4 |    20 ||    24
 Stab: Sleeping          |     2 |       |     1 |       ||     3
       Paralysed         |       |       |       |     6 ||     6
Armor: Robe              |       |    26 |    40 |    79 ||   145
       Skin              |       |       |       |     1 ||     1
Dodge: Dodged            |     5 |    31 |   140 |   171 ||   347
